 Dungeon Sprint DCSS version 0.31-a0-728-g01b46875f1 (webtiles) character file.

Game seed: 4824346707154973430

1 sircluck the Ruffian (level 1, -1/22 HPs)
             Began as a Troll Berserker on Sept 11, 2023.
             Was a Follower of Trog.
             Slain by a wolf (2 damage)
             ... in the Dungeon (Sprint VII: "The Pits").
             The game lasted 00:00:12 (28 turns).

sircluck the Ruffian (Troll Berserker)                Turns: 28, Time: 00:00:12

Health: -1/22      AC:  4    Str: 24    XL:     1   Next: 16%
Magic:  0/0        EV: 10    Int:  3    God:    Trog [*.....]
Gold:   0          SH:  0    Dex:  9    Spells: 0/0 levels left

rFire   . .          .
                       - Unarmed
rCold   . . .        (no shield)
rNeg    . . .        a - +0 animal skin
rPois   .            (helmet restricted)
rElec   .            (no cloak)
rCorr   .            (gloves unavailable)
SInv    .            (boots unavailable)
Will    .....        (no amulet)
Stlth   +            (no ring)
HPRegen 1.03/turn    (no ring)
MPRegen 0.07/turn

%: no teleportation
@: on berserk cooldown, slowed, very slow
A: large, unfitting armour, claws 3, regeneration 1, shaggy fur 1, tough skin 1
a: Renounce Religion, Berserk


You were in the Dungeon.
You worshipped Trog.
Trog was aware of your devotion.
You visited 1 branch

Inventory:

Armour
 a - a +0 animal skin (worn)
Scrolls
 g - a scroll of blinking
Potions
 b - a potion of curing
 c - a potion of heal wounds
 d - a potion of haste
 e - 2 potions of magic
 f - a potion of berserk rage


   Skills:
 + Level 2.6 Fighting
 + Level 2.6 Dodging
 + Level 3.2 Unarmed Combat


You couldn't memorise any spells.
You didn't know any spells.
Your spell library was empty.

Dungeon Overview and Level Annotations

Branches:
Dungeon (1/1)

Altars:


Innate Abilities, Weirdness & Mutations

You are too large for most types of armour.
You have claws for hands.
Your natural rate of healing is unusually fast.
You are covered in fur. (AC +1)
You have tough skin. (AC +1)


Message History

You are exhausted.
You feel yourself slow down.
An orc comes into view. It is wielding a +0 hand axe.
An orc comes into view. It is wielding a +0 club.
The orc shouts! x2
You scratch the wolf but do no damage. The wolf completely misses you.
The wolf bites you.
A wolf comes into view.
The wolf howls!
You scratch the wolf.
The wolf is moderately wounded.
You hear a howl!
You hear a shout!
The wolf bites you but does no damage.
A wolf comes into view.
The wolf closely misses you.
A wolf comes into view.
The wolf howls!
You scratch the wolf.
The wolf is heavily wounded.
The wolf bites you.
A wolf comes into view.
The wolf completely misses you. The wolf bites you.
The wolf moves out of view.
An orc sorcerer comes into view. It is wielding a +0 dagger.
The orc sorcerer shouts!
You scratch the wolf but do no damage.
The wolf is heavily wounded.
The wolf bites you. The wolf misses you.
An orc high priest comes into view. It is wielding a +0 hand axe.
The orc high priest shouts!
The wolf barely misses you. x2; The wolf bites you but does no damage.
The wolf barely misses you. The orc closely misses you. The wolf bites you. x3
* * * LOW HITPOINT WARNING * * *
You scratch the wolf.
The wolf is lightly wounded.
The wolf closely misses you. The wolf bites you.
* * * LOW HITPOINT WARNING * * *
The wolf barely misses you. The orc barely misses you.
An orc sorcerer breaks down the door.
The wolf closely misses you. The wolf bites you.
You die...

+.........B......+
#......#..#......#
#................#
####'#####++######
#.......##++#####
#.......##......#
#.......##....###
#...<...##h..##
#.......##o@##
#.......##hh#
#.......##oh#
##########.h' #oo#
#..# #..# #...


You could see an orc high priest, an orc sorcerer, 5 wolves and 2 orcs.

Vanquished Creatures
  A hobgoblin (D)
1 creature vanquished.

Notes
Turn   | Place    | Note
-------+----------+-------------------------------------------
     0 | D        | sircluck the Troll Berserker began the quest for the Orb.
     0 | D        | Reached XP level 1. HP: 22/22 MP: 0/0
    11 | D        | Noticed a boulder beetle
    20 | D        | Noticed a wolf
    23 | D        | Noticed a wolf
    24 | D        | Noticed a wolf
    24 | D        | Noticed a wolf
    25 | D        | Noticed a wolf
    26 | D        | Noticed an orc sorcerer
    26 | D        | Noticed an orc high priest
    28 | D        | HP: 1/22 [wolf (2)]
    28 | D        | Slain by a wolf

Illustrated notes

Levels and vault maps discovered:
D:        pitsprint [storerooms_1, entrance_room_1, metal_vault_6, armoury_3,
          mini_pit_1, grid_room_1, main_hall_1, silver_pit, the_coven_1,
          the_vestibule_1, steel_vault_5, golden_pit, hallway_of_sentries,
          crystal_vault_2, iron_vault_1, final_vault]

Action                     || total
---------------------------++-------
  Melee: Unarmed           ||     8
 Invoke: Berserk           ||     1
 Armour: Animal skin       ||    15
  Dodge: Dodged            ||    12

Table legend: (Time is in decaauts)
 A = Elapsed time spent in this place.
 B = Non-inter-level travel time spent in this place.
 C = Inter-level travel time spent in this place.
 D = Time resting spent in this place.
 E = Time spent auto-exploring this place.
 F = Levels seen in this place.
 G = Mean time per level.
                   A        B        C        D        E       F      G
               +--------+--------+--------+--------+--------+-----+--------+
         Total |     27 |     27 |      0 |      0 |     11 |   1 |   27.0 |
       Dungeon |     27 |     27 |      0 |      0 |     11 |   1 |   27.0 |
               +--------+--------+--------+--------+--------+-----+--------+

Top non-repeatable levels by time:
       D: 27 daAuts
